 Dungeon Crawl Stone Soup version 0.16-a0-715-g16937c4 (webtiles) character file.

43687 PolkaDot the Martial Artist (level 13, -1/166 (171) HPs)
             Began as a Grey Draconian Transmuter on Sept 21, 2014.
             Was a High Priest of Okawaru.
             Succumbed to a naga warrior's splash of poison
             ... on Level 5 of the Lair of Beasts.
             The game lasted 02:16:28 (28684 turns).

PolkaDot the Martial Artist (DrTm)                 Turns: 28684, Time: 02:16:28

HP  -1/166 (171) AC 26     Str 12      XL: 13   Next: 92%
MP  25/26        EV  2     Int 15      God: Okawaru [*****.]
Gold 1033        SH  0     Dex 16      Spells:  3 memorised,  5 levels left

rFire  . . .     SeeInvis +       - Unarmed
rCold  . . .     Clarity  .     (armour unavailable)
rNeg   + + +     rCorr    .     (no shield)
rPois  +         rRot     .     (helmet restricted)
rElec  .         Spirit   .     g - melded +1 cloak of Robamodu {+Blink +Inv Curse}
SustAb .         Warding  .     E - melded +0 pair of gloves {Dex+3} {god gift}
rMut   .         NoTele   +     (boots currently unavailable)
Gourm  .                        y - amulet of faith
MR     +....                    B - ring of see invisible
                                T - ring of protection from magic

@: lethally poisoned, tree-form, heroism, very slightly contaminated,
constricted, somewhat resistant to hostile enchantments, stealthy
A: walk through water, unfitting armour, (unbreathing), (cold-blooded), AC +13
a: Heroism, Finesse, Renounce Religion


You were on level 5 of the Lair of Beasts.
You worshipped Okawaru.
Okawaru was extremely pleased with you.
You were not hungry.
You were an animated tree.
You visited 3 branches of the dungeon, and saw 17 of its levels.
You also visited: Ice Cave.

You collected 1033 gold pieces.

Inventory:

Missiles
 b - 155 arrows
 s - 25 arrows of frost
Armour
 g - the +1 cloak of Robamodu (melded) {+Blink +Inv Curse}
   (You found it on level 9 of the Dungeon)

   It lets you turn invisible.
   It lets you blink.
   It may recurse itself when equipped.
 E - a +0 pair of gloves of dexterity (melded) {god gift}
Magical devices
 d - a wand of paralysis (2)
 m - a wand of fireball (2)
 z - a wand of paralysis (12)
 A - a wand of teleportation (7)
 I - a wand of disintegration (12)
 J - a wand of polymorph (10)
 K - a wand of magic darts (14) {unknown}
 M - a wand of slowing (12)
 R - a wand of paralysis (5)
 S - a wand of draining (5) {unknown}
 Z - a wand of cold (6)
Comestibles
 a - 4 bread rations
 c - 5 chunks of yak flesh
 x - 4 beef jerkies
 C - 3 meat rations
 H - 2 fruits
 V - a slice of pizza
Scrolls
 f - 6 scrolls of enchant armour
 k - 3 scrolls of enchant weapon
 l - 3 scrolls of recharging
 n - 4 scrolls of remove curse
 o - 2 scrolls of teleportation
 q - 2 scrolls of vulnerability
 t - 2 scrolls of immolation
 D - a scroll of fog
 L - a scroll of silence {unknown}
 N - a scroll of holy word
 Y - a scroll of blinking {unknown}
Jewellery
 e - an uncursed ring of flight
 h - an uncursed ring of protection from cold
 r - an uncursed amulet of clarity
 y - an amulet of faith (around neck)
 B - a ring of see invisible (right branch)
 O - a cursed amulet of resist corrosion
 T - a ring of protection from magic (left branch)
 U - an uncursed amulet of rage {unknown}
Potions
 i - 4 potions of brilliance
 F - a potion of mutation {!q}
 Q - 3 potions of magic
 W - a potion of flight
Books
 u - a book of Burglary

   Spells                             Type                      Level
   Swiftness                          Charms/Air                   2
   Passwall                           Transmutation/Earth          3
   Passage of Golubria                Translocation                4
   Lee's Rapid Deconstruction         Earth                        5
   Invisibility                       Hexes                        6
   Darkness                           Hexes                        7
 G - a book of Wizardry

   Spells                             Type                      Level
   Agony                              Necromancy                   5
   Force Lance                        Conjuration                  5
   Dispersal                          Translocation                6
   Haste                              Charms                       6
   Invisibility                       Hexes                        6
   Spellforged Servitor               Conjuration/Summoning        7
 P - a book of Necromancy

   Spells                             Type                      Level
   Pain                               Necromancy                   1
   Animate Skeleton                   Necromancy                   1
   Vampiric Draining                  Necromancy                   3
   Regeneration                       Charms/Necromancy            3
   Animate Dead                       Necromancy                   4
   Control Undead                     Necromancy                   4


   Skills:
 - Level 10.5(15.5) Fighting
 * Level 2.3(7.3) Dodging
 + Level 13.3(18.3) Unarmed Combat
 - Level 2.0 Spellcasting
 + Level 12.4 Transmutations
 - Level 5.0 Ice Magic
   Level 5.2 Poison Magic
 - Level 6.6 Invocations
 - Level 10.2 Evocations


You had 5 spell levels left.
You knew the following spells:

 Your Spells              Type           Power        Failure   Level  Hunger
b - Blade Hands           Trmt           #####.....   4%          5    ######.
s - Sticks to Snakes      Trmt           #####.....   1%          2    ###....
x - Ice Form              Ice/Trmt       ####....     8%          4    #####..


Dungeon Overview and Level Annotations

Branches:
Dungeon (11/15)            Temple (1/1) D:5             Orc (0/4) D:9
   Lair (5/8) D:10
  Swamp: Lair:3-6    Shoals: Lair:3-6     Snake: Lair:3-6    Spider: Lair:3-6

Altars:
Ashenzari
Cheibriados
Dithmenos
Elyvilon
Fedhas
Gozag
Kikubaaqudgha
Makhleb
Nemelex Xobeh
Okawaru
Qazlal
Ru
Sif Muna
Trog
Vehumet
Xom
Yredelemnul
Zin
The Shining One

Shops:
D:8 *   D:11 (


Innate Abilities, Weirdness & Mutations

You can walk through water.
((Your dull iron-grey scales are very hard (AC +13).))
Your body does not fit into most forms of armour.
((You can survive without breathing.))
((Your cold-blooded metabolism reacts poorly to cold.))


Message History

As you read the scroll of teleportation, it crumbles to dust.
You feel strangely unstable.
You feel sick. The naga closely misses you.
The naga warrior hits you with a spear!
* * * LOW HITPOINT WARNING * * *
x2 The naga warrior constricts you.
Drink which item? (? for menu, Esc to quit)
Your hands revert to their normal proportions.
Your +0 pair of gloves of dexterity {god gift} unmelds from your body.
You feel agile.
You turn into an animated tree.
The +1 cloak of Robamodu {+Blink +Inv Curse} melds into your body.
Your +0 pair of gloves of dexterity {god gift} melds into your body.
You feel clumsy.
Your roots penetrate the ground.
You feel strangely stable.
You feel sick. The naga hits you but does no damage.
The naga warrior hits you with a spear!
* * * LOW HITPOINT WARNING * * *
x2 The naga warrior constricts you.
Drink which item? (? for menu, Esc to quit)
You feel refreshed.
It was a potion of restore abilities.
You die...

###.####...#.....................
......#.....#.#..................
..........#.###....#...P.........
.............#....#.######.......
.............###..###.######.....
.......................P## #.##..
..............#..........# ####..
.................[.......######..
.....[.......###♣#..P....##.P.#..
......P.#....##NN#.#P............
.....Y..########N#...............
........# .N#..............(
....Y..## #..#...............
.....Y## ...#####...P##..##.
...Y.## .#..#####...####..##
....## ....##....<####...## ...##
# ..##......###......


You could see a naga warrior and 3 nagas.

Vanquished Creatures
  A frost giant (IceCv)
  Fannar (D:10)
  Harold (D:10)
  3 hydras
  5 death yaks (Lair:5)
  Nergalle (Lair:1)
  3 unseen horrors
  An ice statue (IceCv)
  Pikel (D:7)
  A hill giant (D:8)
  A cyclops (D:11)
  A black mamba (Lair:4)
  Maurice (D:10)
  Joseph (D:10)
  A gargoyle (D:8)
  A torpor snail (Lair:4)
  A fire drake (Lair:5)
  A feature mimic (D:9)
  9 spiny frogs
  4 komodo dragons
  17 polar bears (IceCv)
  4 blink frogs (Lair:2)
  A two-headed ogre (D:9)
  A hill giant zombie (D:9)
  3 basilisks
  2 humans
  A hog (D:7)
  2 hippogriffs
  36 yaks
  2 nagas (Lair:5)
  2 hungry ghosts
  A hill giant skeleton (D:8)
  3 wargs
  4 porcupines
  27 wolves
  2 sky beasts
  2 slaves (D:7)
  9 orc warriors
  13 water moccasins
  9 ice beasts
  5 centaurs
  A yellow wasp (D:8)
  2 phantoms
  6 ogres
  A black bear (D:8)
  2 necrophages (D:10)
  3 crocodiles
  2 big kobolds
  A gnoll sergeant (D:8)
  A cyclops zombie (D:10)
  22 giant frogs
  9 killer bees
  A water moccasin skeleton (D:5)
  2 troll skeletons
  7 scorpions
  An eye of draining (D:8)
  3 wights (D:10)
  A yak skeleton (D:8)
  A giant frog zombie (D:6)
  A goliath beetle (D:9)
  A quasit (D:7)
  3 crimson imps
  6 hounds
  6 jellies
  6 iguanas
  11 orc priests
  2 centaur skeletons
  11 worker ants
  10 orc wizards
  2 killer bee zombies
  14 sheep
  A big kobold zombie (D:7)
  An ogre zombie (D:5)
  2 ogre skeletons (D:8)
  A hound skeleton (D:7)
  24 adders
  4 gnolls (D:4)
  67 green rats
  Natasha (twice) (D:4)
  A shadow imp (D:9)
  3 giant mites
  3 worms
  3 orc skeletons
  An iguana skeleton (D:10)
  5 giant geckos
  68 orcs
  13 bats
  A giant cockroach (D:4)
  22 hobgoblins
  6 jackals
  14 quokkas
  A ball python (D:5)
  6 giant newts
  18 goblins
  A goblin skeleton (D:4)
  22 kobolds
  A kobold skeleton (D:8)
  An orc zombie (D:6)
  A quokka skeleton (D:8)
  20 rats
  3 ballistomycetes (D:6)
640 creatures vanquished.

Vanquished Creatures (others)
  A slave (D:7)
  A killer bee (D:7)
  Natasha (D:4)
  4 sheep (Lair:4)
  2 orcs (D:11)
  A hobgoblin (D:7)
  A giant spore (D:6)
  2 fungi (Lair:2)
  A plant (Lair:5)
14 creatures vanquished.

Grand Total: 654 creatures vanquished

Notes
Turn   | Place    | Note
--------------------------------------------------------------
     0 | D:1      | PolkaDot, the Draconian Transmuter, began the quest for the Orb.
     0 | D:1      | Reached XP level 1. HP: 16/16 MP: 3/3
   115 | D:1      | Reached XP level 2. HP: 23/23 MP: 1/4
  1439 | D:2      | Reached XP level 3. HP: 14/29 MP: 4/6
  1699 | D:2      | Learned a level 3 spell: Spider Form
  1891 | D:2      | Reached skill level 1 in Poison Magic
  1891 | D:2      | Reached XP level 4. HP: 37/37 MP: 5/7
  1965 | D:2      | Found a glowing silver altar of Zin.
  3122 | D:4      | Noticed Natasha
  3144 | D:4      | Killed Natasha
  3144 | D:4      | Reached XP level 5. HP: 17/42 MP: 9/9
  3500 | D:4      | Reached skill level 4 in Poison Magic
  3793 | D:4      | Reached XP level 6. HP: 19/49 MP: 10/10
  3996 | D:4      | Noticed Natasha
  4006 | D:4      | Killed Natasha
  4118 | D:4      | Reached skill level 5 in Poison Magic
  4278 | D:4      | Noticed Natasha
  4293 | D:4      | Killed Natasha
  4304 | D:4      | Learned a level 4 spell: Ice Form
  4352 | D:4      | Reached skill level 1 in Ice Magic
  4899 | D:4      | Your scales start taking on a dull iron-grey colour.
  4899 | D:4      | Gained mutation: You can survive without breathing. [draconian maturity]
  4899 | D:4      | Reached XP level 7. HP: 31/56 MP: 8/12
  5719 | D:5      | Entered Level 5 of the Dungeon
  6331 | D:5      | Found a staircase to the Ecumenical Temple.
  6337 | Temple   | Entered the Ecumenical Temple
  6581 | Temple   | Became a worshipper of Warmaster Okawaru
  6783 | D:5      | Learned a level 2 spell: Sticks to Snakes
  7061 | D:5      | Reached skill level 5 in Unarmed Combat
  7061 | D:5      | Reached XP level 8. HP: 48/66 MP: 10/13
  7340 | D:5      | Reached skill level 5 in Ice Magic
  7510 | D:5      | Acquired Okawaru's first power
  8052 | D:5      | Found a sparkling altar of Nemelex Xobeh.
  8355 | D:6      | Reached skill level 5 in Fighting
  8708 | D:6      | Reached skill level 6 in Unarmed Combat
  9610 | D:7      | Noticed Pikel
  9626 | D:7      | Killed Pikel
  9626 | D:7      | Reached skill level 7 in Unarmed Combat
  9626 | D:7      | Reached XP level 9. HP: 35/75 MP: 9/14
 10017 | D:7      | Reached skill level 8 in Unarmed Combat
 10138 | D:7      | Reached skill level 5 in Transmutations
 10355 | D:7      | Found a basalt altar of Yredelemnul.
 10359 | D:7      | Found a bloodstained altar of Trog.
 10876 | D:8      | Found a basalt altar of Yredelemnul.
 10942 | D:8      | Reached skill level 9 in Unarmed Combat
 11124 | D:8      | Noticed a hill giant
 11136 | D:8      | Noticed a gargoyle
 11139 | D:8      | Killed a hill giant
 11139 | D:8      | Reached XP level 10. HP: 51/86 MP: 10/16
 11145 | D:8      | Killed a gargoyle
 11615 | D:8      | Reached skill level 10 in Unarmed Combat
 11961 | D:8      | Acquired Okawaru's second power
 12143 | D:8      | Found a blossoming altar of Fedhas.
 12345 | D:8      | Found a shattered altar of Ashenzari.
 12355 | D:8      | Found Teinief's Assorted Antiques.
 12631 | D:8      | Found a glowing golden altar of the Shining One.
 12639 | D:8      | Found a radiant altar of Vehumet.
 13255 | D:9      | Found a staircase to the Orcish Mines.
 13414 | D:9      | Got a brightly glowing cloak
 13426 | D:9      | Identified the +1 cloak of Robamodu {+Blink +Inv Curse} (You found it on level 9 of the Dungeon)
 13464 | D:9      | Received a gift from Okawaru
 14033 | D:9      | Reached XP level 11. HP: 95/97 MP: 17/17
 14332 | D:10     | Entered Level 10 of the Dungeon
 14447 | D:10     | Noticed an unseen horror
 14467 | D:10     | Killed an unseen horror
 14519 | D:10     | Noticed Harold
 14777 | D:10     | Killed Harold
 14978 | D:10     | Reached skill level 11 in Unarmed Combat
 15310 | D:10     | Found a staircase to the Lair.
 16117 | D:10     | Noticed Joseph
 16133 | D:10     | Killed Joseph
 16251 | D:10     | Noticed Maurice
 16284 | D:10     | Killed Maurice
 16303 | D:10     | Noticed an unseen horror
 16311 | D:10     | Killed an unseen horror
 16311 | D:10     | Reached skill level 10 in Fighting
 16476 | D:10     | Noticed Fannar
 16500 | D:10     | Killed Fannar
 16792 | D:10     | Learned a level 5 spell: Blade Hands
 16998 | D:11     | Reached skill level 1 in Evocations
 16999 | D:11     | Noticed an unseen horror
 17007 | D:11     | Killed an unseen horror
 17088 | D:11     | Found Yfidgh's Weapon Emporium.
 17118 | D:11     | Received a gift from Okawaru
 17119 | D:11     | Got a bloodstained hat {god gift}
 17125 | D:11     | Identified the -5 hat of Threirod {god gift, rElec} (Okawaru gifted it to you on level 11 of the Dungeon)
 17681 | Lair:1   | Entered Level 1 of the Lair of Beasts
 17743 | Lair:1   | Reached skill level 10 in Transmutations
 18334 | Lair:1   | Reached XP level 12. HP: 100/104 MP: 15/18
 18476 | Lair:1   | Noticed Nergalle
 18489 | Lair:1   | Killed Nergalle
 18641 | Lair:1   | Noticed a five-headed hydra
 18691 | Lair:1   | Killed a five-headed hydra
 18962 | Lair:1   | Reached skill level 5 in Evocations
 19418 | Lair:2   | Found a frozen archway.
 19434 | IceCv    | Entered an ice cave
 19519 | IceCv    | Reached skill level 12 in Unarmed Combat
 19805 | IceCv    | Received a gift from Okawaru
 20886 | IceCv    | Received a gift from Okawaru
 21170 | IceCv    | Noticed a frost giant
 21208 | IceCv    | Killed a frost giant
 21210 | IceCv    | Reached XP level 13. HP: 44/111 MP: 17/25
 22065 | Lair:2   | Got a fine cutlass
 22066 | Lair:2   | Identified the cursed -3 cutlass "Ynuast" {antimagic, rF+} (You found it on level 2 of the Lair of Beasts)
 22560 | Lair:2   | Reached skill level 10 in Evocations
 22614 | Lair:2   | Got a steaming brass ring
 23555 | Lair:3   | Received a gift from Okawaru
 23653 | Lair:3   | Reached skill level 1 in Invocations
 23704 | Lair:3   | Identified the ring "Cyefianu" {+/*Tele Int+4} (You found it on level 2 of the Lair of Beasts)
 26494 | Lair:4   | Reached skill level 13 in Unarmed Combat
 26521 | Lair:4   | Found a shimmering altar of Xom.
 26880 | Lair:5   | Reached skill level 5 in Invocations
 27292 | Lair:5   | Received a gift from Okawaru
 28683 | Lair:5   | HP: 6/166 [naga warrior/spear (14)]
 28683 | Lair:5   | HP: 1/166 [naga warrior/spear (5)]
 28684 | Lair:5   | Succumbed to a naga warrior's splash of poison

Action                   |  1- 3 |  4- 6 |  7- 9 | 10-12 | 13-15 || total
-------------------------+-------+-------+-------+-------+-------++-------
Melee: Unarmed           |   137 |   176 |   521 |   960 |   493 ||  2287
 Cast: Beastly Appendage |    22 |    18 |    23 |    19 |       ||    82
       Spider Form       |       |     7 |    16 |    14 |       ||    37
       Sticks to Snakes  |       |       |     1 |       |       ||     1
       Ice Form          |       |       |     6 |    17 |    18 ||    41
       Blade Hands       |       |       |       |    27 |    23 ||    50
Invok: Heroism           |       |       |     2 |     9 |     6 ||    17
       Finesse           |       |       |       |       |     2 ||     2
 Abil: End Transformatio |       |     2 |    13 |     4 |     6 ||    25
       Evoke Invisibilit |       |       |       |     1 |     3 ||     4
Evoke: Wand              |       |     1 |    28 |     6 |     7 ||    42
  Use: Potion            |       |     3 |     4 |     9 |     6 ||    22
       Scroll            |       |     1 |     8 |    19 |    10 ||    38
 Stab: Sleeping          |       |       |     5 |    12 |     3 ||    20
       Invisible         |       |       |       |     4 |    10 ||    14
       Distracted        |       |       |       |     1 |       ||     1
       Paralysed         |       |       |       |       |    11 ||    11
  Eat: Chunk             |     4 |    10 |    23 |    43 |    25 ||   105
       Pizza             |       |       |     2 |     4 |     2 ||     8
       Fruit             |       |       |       |     1 |       ||     1
       Bread ration      |       |       |       |     1 |     2 ||     3
       Beef jerky        |       |       |       |       |     2 ||     2
